 Dungeon Crawl Stone Soup version 0.21.1-1-g345015fe64 (webtiles) character file.

39 McKennaii the Chiller (level 3, 0/19 HPs)
             Began as a Deep Elf Ice Elementalist on June 6, 2018.
             Killed from afar by strelocc's ghost (9 damage)
             ... with a zap
             ... on level 3 of the Dungeon.
             The game lasted 00:03:47 (2045 turns).

McKennaii the Chiller (Deep Elf Ice Elementalist)   Turns: 2045, Time: 00:03:48

Health: 0/19       AC:  3    Str:  5    XL:     3   Next: 26%
Magic:  10/10      EV: 13    Int: 20    God:
Gold:   78         SH:  0    Dex: 15    Spells: 6/9 levels left

rFire    . . .     SeeInvis .   h - +0 short sword
rCold    . . .     Gourm    .   (no shield)
rNeg     . . .     Faith    .   a - +0 robe
rPois    .         Spirit   .   (no helmet)
rElec    .         Reflect  .   (no cloak)
rCorr    .         Harm     .   (no gloves)
MR       .....                  l - +0 pair of boots
Stlth    ++........             (no amulet)
HPRegen  0.06/turn              (no ring)
MPRegen  0.12/turn              (no ring)

@: no status effects
A: no striking features
a: no special abilities


You were on level 3 of the Dungeon.
You were not hungry.

You visited 1 branch of the dungeon, and saw 3 of its levels.

You collected 78 gold pieces.

Inventory:

Hand Weapons
 h - a +0 short sword (weapon)
Armour
 a - a +0 robe (worn)
 l - a +0 pair of boots (worn)
Scrolls
 d - a scroll of immolation {unknown}
 e - 2 scrolls of identify {unknown}
 i - a scroll of amnesia {unknown}
 j - a scroll of enchant weapon {unknown}
 k - a scroll of remove curse {unknown}
 n - a scroll of fog {unknown}
Potions
 f - 2 potions of mutation {unknown}
 g - 2 potions of curing {unknown}
 m - a potion of ambrosia {unknown}
 o - a potion of berserk rage {unknown}
Books
 b - a book of Frost

   Spells                             Type                      Level
   a - Freeze                         Ice                          1
   b - Throw Frost                    Conjuration/Ice              2
   c - Ozocubu's Armour               Charms/Ice                   3
   d - Throw Icicle                   Conjuration/Ice              4
   e - Summon Ice Beast               Ice/Summoning                4
Comestibles
 c - 5 rations


   Skills:
 + Level 3.0 Dodging
 * Level 2.5 Stealth
 * Level 3.8 Spellcasting
 * Level 1.1 Conjurations
 * Level 4.0 Ice Magic


You had 6 spell levels left.
You knew the following spells:

 Your Spells              Type           Power        Failure   Level  Hunger
a - Freeze                Ice            ###.         2%          1    None
b - Throw Frost           Conj/Ice       ##....       7%          2    ##.....


Dungeon Overview and Level Annotations

Branches:
Dungeon (3/15)

Altars:
Ashenzari
Xom

Annotations:
D:3 strelocc's ghost, amateur OpAE


Message History

You see here a frilled lizard corpse.
Key pressed, stopping explore.
You open the door.
Strelocc's ghost (amateur Octopode Air Elementalist) comes into view.
Strelocc's ghost is nearby!
Firing (i - inventory): No suitable missiles.
Press: ? - help, Shift-Dir - straight line, f - strelocc's ghost
Aim: strelocc's ghost (hasn't noticed you)
Okay, then.
Strelocc's ghost turns its malevolent gaze towards you.
Strelocc's ghost lets out a mournful wail.
Strelocc's ghost mumbles some strange words.
Strelocc's ghost puts on a burst of speed!
Strelocc's ghost casts a spell at you. The zap hits you!
Ouch! That really hurt!
There is an open door here.
Strelocc's ghost stares at you and mumbles some strange words.
The zap misses you. The zap hits you!
You die...

##################
#.................
#@###############.
#.#...W....# #.
#W#W######.# #.
.###+#'#.#....#.#
#.
.............#.#.#
#.
≈........##†.#.#W#
#)
≈........+.....#.#
#.
≈≈.......#######.#
#.
.........'W......#
#.


You could see strelocc's ghost.

Vanquished Creatures
  A worm (D:2)
  A dart slug (D:1)
  2 giant cockroaches
  4 goblins (D:2)
  5 hobgoblins
  6 kobolds
  9 bats
  2 frilled lizards
  A rat (D:2)
31 creatures vanquished.

Notes
Turn   | Place    | Note
-------+----------+-------------------------------------------
     0 | D:1      | McKennaii the Deep Elf Ice Elementalist began the quest for the Orb.
     0 | D:1      | Reached XP level 1. HP: 10/10 MP: 6/6
   151 | D:1      | Reached XP level 2. HP: 9/15 MP: 5/8
   965 | D:2      | Found a shattered altar of Ashenzari.
  1218 | D:2      | Learned a level 2 spell: Throw Frost
  1521 | D:2      | Reached XP level 3. HP: 18/19 MP: 7/10
  1663 | D:2      | Found a shimmering altar of Xom.
  1937 | D:3      | Reached skill level 4 in Ice Magic
  2021 | D:3      | Noticed strelocc's ghost (amateur OpAE)
  2045 | D:3      | Killed from afar by strelocc's ghost

Skill      XL: |  1  2  3 |
---------------+----------+-----
Dodging        | 3 |  3.0
Ice Magic      | 4 |  4.0
Stealth        | |  2.5
Spellcasting   | |  3.8
Conjurations   | |  1.1

Action                   || total
-------------------------++-------
Melee: Unarmed           ||     9
       Short sword       ||     7
 Cast: Freeze            ||    46
       Throw Frost       ||     4
 Stab: Sleeping          ||     2
  Eat: Chunk             ||     3
Armor: Robe              ||    14
Dodge: Dodged            ||    55
